 Dungeon Crawl Stone Soup version 0.21-a0-471-gd587bd5 (webtiles) character file.

126 tof the Slasher (level 4, -3/36 HPs)
             Began as a Demonspawn Berserker on Nov 21, 2017.
             Was a Believer of Trog.
             Killed by divine providence
             ... invoked by an orc priest
              (7 damage)
             ... on level 3 of the Dungeon.
             The game lasted 00:02:09 (2047 turns).

tof the Slasher (Demonspawn Berserker)              Turns: 2047, Time: 00:02:10

Health: -3/36      AC:  8    Str: 18    XL:     4   Next: 83%
Magic:  4/4        EV:  8    Int:  8    God:    Trog [**....]
Gold:   113        SH:  0    Dex: 15    Spells: 3/3 levels left

rFire    . . .     SeeInvis .   a - +0 falchion
rCold    . . .     Gourm    .   (no shield)
rNeg     . . .     Faith    .   f - +0 chain mail
rPois    .         Spirit   .   (helmet restricted)
rElec    .         Reflect  .   (no cloak)
rCorr    .         Harm     .   (no gloves)
MR       .....                  (no boots)
Stlth    ..........             (no amulet)
HPRegen  0.12/turn              (no ring)
MPRegen  0.09/turn              (no ring)

@: no status effects
A: antennae 1, thin skeletal structure 1, spiny 1
a: Berserk, Trog's Hand, Burn Spellbooks, Renounce Religion


You were on level 3 of the Dungeon.
You worshipped Trog.
Trog was pleased with you.
You were not hungry.

You visited 1 branch of the dungeon, and saw 3 of its levels.

You collected 113 gold pieces.

Inventory:

Hand Weapons
 a - a +0 falchion (weapon)
Armour
 f - a +0 chain mail (worn)
Scrolls
 g - a scroll of noise {unknown}
 h - 2 scrolls of identify {unknown}
 l - 2 scrolls of teleportation {unknown}
 m - a scroll of enchant weapon {unknown}
 n - a scroll of amnesia {unknown}
Potions
 d - a potion of curing {unknown}
 e - 2 potions of lignification {unknown}
 i - a potion of brilliance {unknown}
 j - a potion of degeneration {unknown}
 o - a potion of flight {unknown}
Comestibles
 b - a fruit
 c - 2 bread rations
 k - 2 chunks of flesh


   Skills:
 + Level 3.6 Fighting
 * Level 3.8 Long Blades
 + Level 2.5 Armour
 + Level 2.5 Dodging


You had 3 spell levels left.
You didn't know any spells.

Dungeon Overview and Level Annotations

Branches:
Dungeon (3/15)

Altars:
Gozag


Innate Abilities, Weirdness & Mutations

You have a pair of small antennae on your head.
You have a somewhat thin skeletal structure. (Dex +2, Stealth)
You are partially covered in sharp spines.


Message History

* * * LOW HITPOINT WARNING * * *
You completely miss the orc priest.
The orc priest invokes the aid of Beogh against you.
You barely resist.
Your chain mail prevents you from hitting the orc priest.
The orc priest hits you with a hand axe.
* * * LOW HITPOINT WARNING * * *
An orc comes into view. It is wielding a flail.
You closely miss the orc priest.
The orc shouts!
The orc is struck by your spines. The orc barely misses you.
You riposte.
You hit the orc.
The orc is almost dead.
The orc priest hits you with a hand axe.
* * * LOW HITPOINT WARNING * * *
You hit the orc priest.
The orc priest is moderately wounded.
The orc priest mumbles some strange prayers to Beogh against you.
Beogh smites you!
You die...

#.#....#....#
#.#####.### .#
#.#.).....# ...
#....#.##.# ....
###..#....# .....
#..######
......####......?#
...........#####.#
........@..+
.......oo..#
###........#
#........#
#........#
#..o.....#
#........#
#........#


You could see an orc priest and 2 orcs.

Vanquished Creatures
  A gnoll (D:1)
  5 adders
  3 oozes (D:1)
  2 worms (D:2)
  4 dart slugs
  2 leopard geckos
  A giant cockroach (D:2)
  4 goblins
  6 hobgoblins
  5 jackals
  A ball python (D:1)
  3 bats (D:2)
  A frilled lizard (D:2)
  4 kobolds
  4 rats
46 creatures vanquished.

Notes
Turn   | Place    | Note
-------+----------+-------------------------------------------
     0 | D:1      | tof the Demonspawn Berserker began the quest for the Orb.
     0 | D:1      | Reached XP level 1. HP: 18/18 MP: 1/1
   213 | D:1      | Gained mutation: You are partially covered in sharp spines. [demonic ancestry]
   213 | D:1      | Reached XP level 2. HP: 13/24 MP: 2/2
   524 | D:1      | Gained mutation: You have a somewhat thin skeletal structure. (Dex +2, Stealth) [demonic ancestry]
   524 | D:1      | Reached XP level 3. HP: 7/29 MP: 3/3
  1308 | D:2      | Gained mutation: You have a pair of small antennae on your head. [demonic ancestry]
  1308 | D:2      | Reached XP level 4. HP: 33/35 MP: 4/4
  1506 | D:2      | Reached ** piety under Trog
  1709 | D:2      | Found an opulent altar of Gozag.
  2047 | D:3      | Killed from afar by an orc priest

Vault maps used:
D:1:      dpeg_arrival_pond
D:2:      nicolae_gozag_cash_rules_everything_around_me, minivault_27
D:3:      first_bread, uniq_terence

Skill      XL: |  1  2 |
---------------+-------+-----
Armour         | 2 |  2.5
Long Blades    | 3 |  3.8
Dodging        | 2 |  2.5
Fighting       | |  3.6

Action                   |  1- 3 |  4- 6 || total
-------------------------+-------+-------++-------
Melee: Falchion          |    65 |    51 ||   116
Invok: Berserk           |     1 |       ||     1
  Eat: Chunk             |     2 |     3 ||     5
Armor: Chain mail        |    25 |    17 ||    42
Dodge: Dodged            |    32 |    19 ||    51
       Rpst.: Falchion   |     8 |     9 ||    17

Table legend:
 A = Spawn XP
 B = Non-spawn XP
 C = Spawn XP percentage of total XP
 D = Spawn monster count
 E = Non-spawn monster count
 F = Spawn count percentage of total count
 G = Total turns spent on level
                    A         B        C        D         E        F      G
               +---------+---------+-------+---------+---------+-------+---------
         Total |       0 |     180 |   0.0 |       0 |      46 |   0.0 |  2047
               +---------+---------+-------+---------+---------+-------+---------
           D:1 |       0 |      54 |   0.0 |       0 |      14 |   0.0 |   986
           D:2 |       0 |     110 |   0.0 |       0 |      30 |   0.0 |  1023
           D:3 |       0 |      16 |   0.0 |       0 |       2 |   0.0 |    38
               +---------+---------+-------+---------+---------+-------+---------
